 Dungeon Crawl Stone Soup version 0.18.1-8-gdd0e5ea (webtiles) character file.

10066 Kenran the Cleaver (level 11, -1/103 HPs)
             Began as a Gargoyle Berserker on May 24, 2016.
             Was a High Priest of Trog.
             Slain by an orc warrior
             ... wielding a +0 halberd
             ... led by an orc knight
              (25 damage)
             ... on level 2 of the Orcish Mines.
             The game lasted 00:41:25 (12841 turns).

Kenran the Cleaver (Gargoyle Berserker)            Turns: 12841, Time: 00:41:25

Health: -1/103     AC: 23    Str: 26    XL:     11   Next: 56%
Magic:  3/3        EV:  8    Int:  9    God:    Trog [*****.]
Gold:   1189       SH:  0    Dex: 11    Spells: 0 memorised, 10 levels left

rFire  + . .     SeeInvis .     k - +6 battleaxe (antimagic)
rCold  + . .     Gourm    .     M - +0 plate armour {rC+}
rNeg   + . .     Faith    .     (shield currently unavailable)
rPois  ∞         Spirit   .     I - +0 helmet
rElec  +         Dismiss  .     d - +0 cloak {+Inv}
rCorr  .         Reflect  .     (no gloves)
SustAt .         Harm     .     (no boots)
MR     .....                    (no amulet)
Stlth  ..........               (no ring)
                                y - ring of protection from fire

@: berserking (expiring), very quick, not resistant to hostile enchantments,
extremely unstealthy
A: negative energy resistance 1, electricity resistance, unbreathing,
petrification resistance, rot immunity, AC +7
a: Berserk, Trog's Hand, Brothers in Arms, Burn Spellbooks, Renounce Religion,
Evoke Invisibility


You were on level 2 of the Orcish Mines.
You worshipped Trog.
Trog was extremely pleased with you.
You were hungry.

You visited 2 branches of the dungeon, and saw 12 of its levels.
You also visited: Ossuary and Bailey.

You collected 1189 gold pieces.

Inventory:

Hand Weapons
 a - a +1 hand axe of flaming
 k - a +6 antimagic battleaxe (weapon)
 J - a +0 blowgun
Missiles
 u - 36 poisoned needles
 v - 5 curare-tipped needles
Armour
 d - a +0 cloak of invisibility (worn)
 I - a +0 helmet (worn)
 M - a +0 plate armour of cold resistance (worn)
Jewellery
 h - an uncursed ring of fire
 y - a ring of protection from fire (left hand)
Wands
 j - a wand of flame (38/48)
 x - a wand of lightning (9/15)
 C - a wand of confusion (34/48)
Scrolls
 b - 2 scrolls of magic mapping
 e - 8 scrolls of teleportation
 n - 5 scrolls of remove curse
 o - 11 scrolls of identify
 w - 2 scrolls of blinking
 A - a scroll of recharging
 E - a scroll of enchant weapon
 F - a scroll of enchant armour {unknown}
 H - a scroll of fog
Potions
 g - a potion of brilliance {unknown}
 i - 3 potions of lignification {unknown}
 m - 8 potions of curing
 p - 2 potions of cure mutation {unknown}
 q - a potion of berserk rage {unknown}
 r - 3 potions of degeneration {unknown}
 s - 2 potions of cancellation {unknown}
 z - 3 potions of mutation {unknown}
 B - 2 potions of might {unknown}
 D - a potion of flight {unknown}
 K - a potion of invisibility {unknown}
Comestibles
 c - 9 bread rations
 f - 4 meat rations
 t - 2 beef jerkies
 G - 6 slices of pizza


   Skills:
 - Level 8.4 Fighting
 + Level 13.6 Axes
 - Level 7.5 Armour
 - Level 1.5 Dodging


You had 10 spell levels left.
You didn't know any spells.

Dungeon Overview and Level Annotations

Branches:
Dungeon (10/15)            Temple (0/1) D:6            Lair (0/8) D:8
    Orc (2/2) D:10            Elf (0/3) Orc:2

Altars:
Cheibriados
Dithmenos
Fedhas
Okawaru
Pakellas
Vehumet
Zin
Beogh

Annotations:
D:7 exclusion: statue
D:9 Prince Ribbit


Innate Abilities, Weirdness & Mutations

You are resistant to torment.
Your stone body is resilient (AC +7).
You are immune to poison.
You resist negative energy.
You are resistant to electric shocks.
You can survive without breathing.
You are immune to petrification.
You are immune to rotting.


Message History

You slice the orc knight!!
The orc knight is almost dead.
You hit the orc warrior but do no damage.
You slash the orc knight!
You kill the orc knight!
Trog accepts your kill.
You barely miss the orc warrior. The orc warrior closely misses you.
The orc warrior hits you from afar with a halberd.
* * * LOW HITPOINT WARNING * * *
You slice the orc warrior!!
You kill the orc warrior!
Trog accepts your kill.
The orc warrior hits you but does no damage.
You see here an orc corpse.
You hit the orc warrior.
The orc warrior is lightly wounded.
You slash the orc warrior!
The orc warrior is severely wounded.
The orc warrior hits you with a halberd!!
You die...

##..........#.#..........
##......................
###.................... #####
#.............###.... ##...###
##...........#.# ... .....#.#
##.........#### . .......##
##....))..###
........#####....o)....#
........#.#....)@)......#
...#....#.......)......... O
...#.............................
..##............###..............
..###.........##.#.#..........# #
#####..........#####..........###
...#.............#.#...........#.
................###............#.
..................#..............


You could see an orc warrior.

Vanquished Creatures
  A hill giant (D:10)
  3 orc knights
  Maurice (D:9)
  An elephant (D:8)
  A gargoyle (D:10)
  The ghost of crossborder the Ruffian, an amateur TrAK of Lugonu (D:4)
  A troll (D:10)
  Grinder (D:4)
  2 two-headed ogres
  A wyvern (D:8)
  5 yaks
  A human (D:7)
  A hippogriff (D:8)
  2 wargs
  Duvessa (D:4)
  9 orc warriors
  2 sky beasts
  An ice beast (D:9)
  2 phantoms (D:9)
  6 ogres
  4 centaurs (D:9)
  2 big kobolds
  4 giant frogs
  2 water moccasin zombies (Ossuary)
  Dowan (D:4)
  4 scorpions
  7 wights
  A howler monkey (D:6)
  2 crimson imps
  2 giant frog zombies
  3 giant frog skeletons
  4 hounds
  A jelly (D:9)
  8 orc priests
  A centaur skeleton (D:10)
  9 orc wizards
  2 iguanas
  3 worker ants
  6 sheep
  3 big kobold zombies (Ossuary)
  2 hound zombies
  2 mummies (Ossuary)
  A worker ant zombie (D:4)
  Robin (D:4)
  10 adders
  3 gnolls
  A shadow imp (D:9)
  8 adder zombies
  3 adder skeletons
  2 worms
  3 dart slugs (D:1)
  5 giant geckos
  42 orcs
  2 ball pythons
  6 bats
  5 giant cockroaches
  21 goblins
  13 hobgoblins
  7 jackals
  19 kobolds
  2 quokkas
  4 giant newts
  A gnoll zombie (Ossuary)
  4 hobgoblin zombies (Ossuary)
  4 kobold zombies (Ossuary)
  6 orc zombies (Ossuary)
  A quokka zombie (D:6)
  9 rats
299 creatures vanquished.

Notes
Turn   | Place    | Note
--------------------------------------------------------------
     0 | D:1      | Kenran the Gargoyle Berserker began the quest for the Orb.
     0 | D:1      | Reached XP level 1. HP: 14/14 MP: 1/1
    39 | D:1      | Reached skill level 3 in Axes
    94 | D:1      | Reached XP level 2. HP: 14/19 MP: 2/2
   301 | D:1      | Reached XP level 3. HP: 22/23 MP: 3/3
   448 | D:1      | Reached ** piety under Trog
   837 | D:1      | Reached skill level 4 in Axes
   905 | D:2      | Found a faded altar to an unknown god.
  1415 | D:2      | Reached XP level 4. HP: 28/28 MP: 4/4
  1862 | D:3      | Reached *** piety under Trog
  1969 | D:3      | Found an iron altar of Okawaru.
  2188 | D:3      | Reached skill level 5 in Axes
  2188 | D:3      | Reached XP level 5. HP: 27/32 MP: 5/5
  2228 | D:3      | Found a shadowy altar of Dithmenos.
  2677 | D:4      | Noticed Duvessa
  2678 | D:4      | Noticed Dowan
  2831 | D:4      | Reached XP level 6. HP: 28/37 MP: 6/6
  2949 | D:4      | Found a sand-covered staircase.
  2958 | Ossuary  | Entered an ossuary
  2979 | Ossuary  | Reached skill level 6 in Axes
  3412 | Ossuary  | Reached skill level 7 in Axes
  3412 | Ossuary  | Reached XP level 7. HP: 36/41 MP: 7/7
  3769 | D:4      | Noticed crossborder's ghost (amateur TrAK)
  4225 | D:5      | Entered Level 5 of the Dungeon
  4814 | D:5      | Identified a scroll of acquirement
  4893 | D:6      | Found a staircase to the Ecumenical Temple.
  5262 | D:6      | Found an oddly glowing altar of Pakellas.
  5262 | D:6      | Found a snail-covered altar of Cheibriados.
  5263 | D:6      | Found a glowing silver altar of Zin.
  5372 | D:6      | Reached skill level 5 in Fighting
  5497 | D:6      | Got a twisted scale mail
  5508 | D:6      | Identified the cursed +1 scale mail of the Bagpipe {+Fly Int+2} (You found it on level 6 of the Dungeon)
  5780 | D:4      | Reached XP level 8. HP: 49/49 MP: 8/8
  5890 | D:4      | Noticed Grinder
  5891 | D:4      | Paralysed by Grinder for 4 turns
  5907 | D:4      | Killed Grinder
  5967 | D:4      | Killed crossborder's ghost
  5967 | D:4      | Reached skill level 8 in Axes
  6148 | D:4      | Killed Duvessa
  6178 | D:4      | Killed Dowan
  6178 | D:4      | Reached skill level 9 in Axes
  6386 | D:4      | Noticed Robin
  6397 | D:4      | Reached **** piety under Trog
  6414 | D:4      | Killed Robin
  6651 | D:7      | Reached XP level 9. HP: 54/54 MP: 9/9
  6802 | D:7      | Found a radiant altar of Vehumet.
  6990 | D:6      | Reached skill level 10 in Axes
  7881 | D:8      | Found a flagged portal.
  7883 | D:8      | Reached ***** piety under Trog
  7911 | Bailey   | Entered a bailey
  7921 | Bailey   | Noticed an orc warlord
  8180 | D:8      | Noticed a two-headed ogre
  8395 | D:8      | Found a staircase to the Lair.
  8395 | D:8      | Noticed an elephant
  8416 | D:8      | Killed an elephant
  8490 | D:8      | Reached XP level 10. HP: 61/65 MP: 10/10
  8802 | D:9      | Noticed Prince Ribbit
  8817 | D:9      | Reached skill level 11 in Axes
  9501 | D:9      | Reached skill level 12 in Axes
  9678 | D:9      | Found a blossoming altar of Fedhas.
  9825 | D:9      | Noticed Maurice
  9830 | D:9      | Reached skill level 5 in Armour
  9839 | D:9      | Killed Maurice
 10491 | D:10     | Entered Level 10 of the Dungeon
 10491 | D:10     | Noticed a hill giant
 10498 | D:10     | Killed a hill giant
 10709 | D:10     | Reached XP level 11. HP: 64/69 MP: 11/11
 10815 | D:10     | Found a staircase to the Orcish Mines.
 11744 | Orc:1    | Entered Level 1 of the Orcish Mines
 11749 | Orc:1    | Noticed an orc knight
 11863 | D:10     | Killed an orc knight
 11863 | D:10     | Received a gift from Trog
 11985 | Orc:1    | Found a roughly hewn altar of Beogh.
 12077 | Orc:2    | Entered Level 2 of the Orcish Mines
 12077 | Orc:2    | Found a staircase to the Elven Halls.
 12244 | Orc:1    | Reached skill level 13 in Axes
 12796 | Orc:2    | Noticed an orc knight
 12812 | Orc:2    | Killed an orc knight
 12821 | Orc:2    | Noticed an orc knight
 12837 | Orc:2    | Killed an orc knight
 12841 | Orc:2    | Slain by an orc warrior

Skill      XL: |  1  2  3  4  5  6  7  8  9 10 11 |
---------------+----------------------------------+-----
Axes           | 3 4 5 7 9 10 12 13 | 13.6
Armour         | 4 7 |  7.5
Fighting       | 5 8 |  8.4
Dodging        | |  1.5

Action                   |  1- 3 |  4- 6 |  7- 9 | 10-12 || total
-------------------------+-------+-------+-------+-------++-------
Melee: Hand axe          |   162 |   473 |   533 |   393 ||  1561
       Battleaxe         |       |       |       |    69 ||    69
 Fire: Hunting sling     |       |       |     4 |       ||     4
Throw: Stone             |       |       |     3 |       ||     3
Invok: Berserk           |       |       |     6 |     6 ||    12
       Trog's Hand       |       |       |     3 |     2 ||     5
  Use: Scroll            |       |     7 |    10 |       ||    17
  Eat: Chunk             |     2 |     4 |    13 |    11 ||    30
       Fruit             |       |     2 |     1 |     2 ||     5
       Beef jerky        |       |     1 |     3 |     2 ||     6
       Meat ration       |       |       |     1 |       ||     1
       Pizza             |       |       |       |     1 ||     1
       Royal jelly       |       |       |       |     1 ||     1
Armor: Animal skin       |    10 |       |       |       ||    10
       Scale mail        |    49 |       |       |       ||    49
       Plate armour      |    39 |   309 |   342 |   220 ||   910
Dodge: Dodged            |    89 |   134 |   125 |    92 ||   440
